 Dungeon Crawl Stone Soup version 0.29.0-4-gdea44cf6ec (webtiles) character file.

Game seed: 1615639336758680184

367 gelatine the Shooter (level 6, -20/47 HPs)
             Began as a Demonspawn Hunter on Aug 28, 2022.
             Demolished by Duvessa
             ... wielding a +3 short sword of freezing
              (22 damage)
             ... on level 4 of the Dungeon.
             The game lasted 00:06:59 (2290 turns).

gelatine the Shooter (Demonspawn Hunter)            Turns: 2290, Time: 00:07:00

Health: -20/47     AC:  5    Str:  8 (11) XL:     6   Next: 41%
Magic:  6/6        EV: 12    Int:  9 (10) God:
Gold:   162        SH:  0    Dex: 16 (19) Spells: 5/5 levels left

rFire   + . .      SeeInvis .   z - +2 war axe (vamp)
rCold   + + .      Faith    .   (no shield)
rNeg    . . .      Spirit   .   m - +2 robe {rC+ rF+}
rPois   .          Reflect  .   (helmet restricted)
rElec   .          Harm     .   (no cloak)
rCorr   +          Rampage  .   l - +0 pair of gloves
Will    .....                   (no boots)
Stlth   +.........              (no amulet)
HPRegen 0.15/turn               d - ring of protection from cold
MPRegen 0.10/turn               h - ring of resist corrosion

@: confused, ambrosia-drunk
A: claws 1, horns 2, powered by death 1
a: no special abilities


You were on level 4 of the Dungeon.
You visited 1 branch of the dungeon, and saw 4 of its levels.

You collected 162 gold pieces.

Inventory:

Hand Weapons
 a - a +0 shortbow
 p - a +2 hand axe of freezing
 z - a +2 vampiric war axe (weapon)
Missiles
 k - 25 poisoned darts
 r - 5 javelins
Armour
 c - a +0 leather armour
 l - a +0 pair of gloves (worn)
 m - a +2 robe of resistance (worn)
Magical Staves
 y - a staff of air
 A - a staff of earth
Jewellery
 d - a ring of protection from cold (left hand)
 h - a ring of resist corrosion (right hand)
Scrolls
 b - 3 scrolls of immolation
 e - 5 scrolls of identify {unknown}
 g - 2 scrolls of fog {unknown}
 n - 2 scrolls of fear {unknown}
 q - 2 scrolls of teleportation {unknown}
 t - a scroll of amnesia {unknown}
 x - a scroll of noise {unknown}
Potions
 j - 3 potions of curing
 o - a potion of heal wounds {unknown}
 s - a potion of mutation {unknown}
 u - a potion of cancellation {unknown}
 v - a potion of degeneration
 w - a potion of flight {unknown}


   Skills:
 + Level 3.1 Fighting
 + Level 0.6 Axes
 + Level 6.2 Ranged Weapons
 + Level 0.1 Armour
 + Level 2.3 Dodging
 + Level 1.4 Stealth


You had 5 spell levels left.
You didn't know any spells.
Your spell library contained the following spells:

 Spells                   Type           Power      Damage    Failure   Level
 Apportation              Tloc           0%         N/A       38%         1
 Necrotise                Necr           0%         1d4       38%         1
 Summon Small Mammal      Summ           0%         N/A       38%         1
 Conjure Flame            Conj/Fire      0%         6-21      77%         3
 Ignite Poison            Fire/Tmut/Pois 0%         N/A       77%         3
 Sticky Flame             Conj/Fire      0%         2d3       99%         4


Dungeon Overview and Level Annotations

Branches:
Dungeon (4/15)
 Temple: D:4-7

Altars:

Annotations:
D:4 Duvessa


Innate Abilities, Weirdness & Mutations

You have sharp fingernails.
You have a pair of horns on your head.
You regenerate a little health from kills.


Message History

Duvessa is moderately wounded.
Duvessa barely misses you.
Duvessa hits you with a +3 short sword of freezing!
Duvessa freezes you.
You barely miss Duvessa. You headbutt Duvessa.
Duvessa is heavily wounded.
Duvessa hits you with a +3 short sword of freezing!
Duvessa freezes you.
Duvessa hits you with a +3 short sword of freezing!
You slash Duvessa!
You feel better.
Duvessa is heavily wounded.
Duvessa hits you with a +3 short sword of freezing.
Duvessa freezes you. Duvessa barely misses you.
You slash Duvessa!
Duvessa is severely wounded.
You feel a little less mighty now. Duvessa barely misses you.
Duvessa hits you with a +3 short sword of freezing!
* * * LOW HITPOINT WARNING * * *
Duvessa freezes you.
* * * LOW HITPOINT WARNING * * *
Duvessa misses you.
It was a potion of degeneration.
There was something very wrong with that liquid.
You feel weakened.
You feel dopey.
You feel clumsy. Duvessa barely misses you.
You feel better.
Duvessa hits you with a +3 short sword of freezing!
* * * LOW HITPOINT WARNING * * *
Duvessa hits you but does no damage.
You are confused.
You feel invigorated.
Duvessa hits you with a +3 short sword of freezing.
* * * LOW HITPOINT WARNING * * *
You're too confused to move!
You hear the hiss of a distant avalanche of sand.
Duvessa hits you with a +3 short sword of freezing!
* * * LOW HITPOINT WARNING * * *
Duvessa hits you with a +3 short sword of freezing!!
You die...

######.
##.......
######...#
#).....#..#
#.####....# #.#
##.#.# #.# #.#
#### #.#
#.#..... #@#
###S#..#
#e###..e...#
#.##.......##
...............
#.##......##.##
#......ยง..# #
######...##
.....)..####
########...##


You could see Duvessa (berserk).

Vanquished Creatures
  An ice beast (D:4)
  A phantom (D:4)
  Dowan (D:4)
  2 hounds
  2 adders
  An ufetubus (D:4)
  2 worms
  A dart slug (D:3)
  4 ball pythons
  9 endoplasms
  13 giant cockroaches
  3 goblins
  5 hobgoblins
  A jackal (D:4)
  3 quokkas
  2 bats (D:1)
  3 frilled lizards
  6 kobolds
  7 rats
67 creatures vanquished.

Notes
Turn   | Place    | Note
-------+----------+-------------------------------------------
     0 | D:1      | gelatine the Demonspawn Hunter began the quest for the Orb.
     0 | D:1      | Reached XP level 1. HP: 16/16 MP: 1/1
   208 | D:1      | Found a faded altar of an unknown god.
   212 | D:1      | Reached skill level 4 in Ranged Weapons
   214 | D:1      | Gained mutation: You regenerate a little health from kills.
                  | [demonic ancestry]
   214 | D:1      | Reached XP level 2. HP: 22/22 MP: 2/2
   662 | D:1      | Reached skill level 1 in Stealth
   855 | D:2      | Discovered your monstrous ancestry.
   855 | D:2      | Gained mutation: You have a pair of small horns on your
                  | head. [demonic ancestry]
   855 | D:2      | Reached XP level 3. HP: 27/27 MP: 3/3
  1195 | D:2      | Gained mutation: You have sharp fingernails. [demonic
                  | ancestry]
  1195 | D:2      | Reached XP level 4. HP: 29/34 MP: 4/4
  1959 | D:3      | Reached skill level 5 in Ranged Weapons
  2229 | D:4      | Noticed a phantom
  2231 | D:4      | Noticed an ice beast
  2242 | D:4      | Noticed Dowan
  2244 | D:4      | Noticed Duvessa
  2253 | D:4      | Killed an ice beast
  2254 | D:4      | Reached XP level 5. HP: 35/40 MP: 5/5
  2256 | D:4      | Killed a phantom
  2257 | D:4      | Reached skill level 6 in Ranged Weapons
  2257 | D:4      | Gained mutation: You have a pair of horns on your head.
                  | [demonic ancestry]
  2257 | D:4      | Reached XP level 6. HP: 32/47 MP: 6/6
  2271 | D:4      | Killed Dowan
  2290 | D:4      | HP: 2/47 [Duvessa/+3 short sword of freezing (15)]
  2290 | D:4      | Demolished by Duvessa

Illustrated notes

Levels and vault maps discovered:
D:1:      dpeg_arrival_tiny_a, layout_loops_ring, basic_ecumenical_altar
D:2:      minmay_roachtagon, layout_loops_ring, chequers_serial_rivers_micro_d
D:3:      layout_rooms, minmay_misc_feat_roman
D:4:      layout_loops_ring, fedhas_altar_decomposition,
          minmay_temple_entry_purple_smoke, enter_ossuary_2,
          chequers_serial_rivers_micro_a, uniq_ijyb, uniq_duvessa

Skill      XL: |  1  2  3  4  5 |
---------------+----------------+-----
Ranged Weapons | 4 5 6 |  6.2
Stealth        | 1 |  1.4
Dodging        | 2 |  2.3
Fighting       | 3 |  3.1
Axes           | |  0.6
Armour         | |  0.1

Action                   |  1- 3 |  4- 6 || total
-------------------------+-------+-------++-------
Melee: War axe           |       |    21 ||    21
       Headbutt          |       |     6 ||     6
       Punch             |       |     2 ||     2
 Fire: Shortbow          |   103 |    68 ||   171
  Use: Potion            |       |     6 ||     6
Armor: Robe              |    32 |    14 ||    46
       Leather armour    |     1 |       ||     1
Dodge: Dodged            |    51 |    60 ||   111
